 Dungeon Crawl Stone Soup version 0.30.0-18-gc0e69614cb (webtiles) character file.

Game seed: 11500980438110182419

2415 jasper the Skirmisher (level 9, -1/54 (62) HPs)
             Began as a Demonspawn Hexslinger on May 25, 2023.
             Was a Believer of Dithmenos.
             Slain by a wight
             ... wielding a +0 dire flail
              (11 damage)
             ... on level 6 of the Dungeon.
             The game lasted 00:12:21 (5286 turns).

jasper the Skirmisher (Demonspawn Hexslinger)       Turns: 5286, Time: 00:12:21

HP:   -1/54 (62)    AC: 10    Str: 18    XL:     9   Next: 23%
MP:   10/10         EV: 14    Int: 18    God:    Dithmenos [**....]
Gold: 319           SH:  0    Dex: 14    Spells: 10/10 levels left

rFire   + . .        n - +0 arbalest
rCold   + + .        (shield currently unavailable)
rNeg    . . .        p - +0 ring mail
rPois   .            f - +0 helmet
rElec   .            (no cloak)
rCorr   .            q - +2 pair of gloves "Xoapn" {rF+ Str+3 Int+4}
SInv    .            y - +0 pair of boots
Will    .....        (no amulet)
Stlth   ++           k - ring of protection from cold
HPRegen 0.29/turn    E - ring of protection from cold
MPRegen 0.12/turn

%: no passive effects
@: wreathed by umbra, heavily drained
A: repulsion field 2, demonic guardian 1, spiny 1, weakness stinger 1
a: Renounce Religion, Shadow Step


You were on level 6 of the Dungeon.
You worshipped Dithmenos.
Dithmenos was pleased with you.
You visited 1 branch of the dungeon, and saw 7 of its levels.

You collected 319 gold pieces.

Inventory:

Hand Weapons
 a - a +2 sling
 m - a +2 dagger of venom
 n - a +0 arbalest (weapon)
Missiles
 s - 21 poisoned darts
Armour
 c - a +0 robe
 e - a +0 leather armour
 f - a +0 helmet (worn)
 p - a +0 ring mail (worn)
 q - the +2 pair of gloves "Xoapn" (worn) {rF+ Str+3 Int+4}
   (You found it on level 2 of the Dungeon)

   Str:       It affects your strength (+3).
   Int:       It affects your intelligence (+4).
   rF:        It protects you from fire.
 y - a +0 pair of boots (worn)
Jewellery
 i - a ring of wizardry
 k - a ring of protection from cold (left hand)
 o - a ring of ice
 E - a ring of protection from cold (right hand)
Wands
 t - a wand of mindburst (16)
 v - a wand of charming (8)
 D - a wand of polymorph (1)
Scrolls
 b - 2 scrolls of poison
 d - 3 scrolls of teleportation
 x - a scroll of vulnerability {unknown}
 B - a scroll of immolation {unknown}
Potions
 g - 2 potions of magic
 h - a potion of curing
 j - 2 potions of brilliance
 l - 3 potions of flight
 r - 2 potions of heal wounds {unknown}
 u - 3 potions of might {unknown}
 w - a potion of ambrosia {unknown}
 z - 4 potions of attraction {unknown}
 A - a potion of degeneration {unknown}
 C - a potion of haste {unknown}


   Skills:
 + Level 2.8 Fighting
 * Level 10.7 Ranged Weapons
 + Level 2.2 Armour
 - Level 1.7 Dodging
 + Level 2.4 Stealth
 - Level 1.0 Spellcasting
 - Level 3.0 Hexes


You had 10 spell levels left.
You didn't know any spells.
Your spell library contained the following spells:

 Spells                   Type           Power      Damage    Failure   Level
 Slow                     Hex            44%        N/A       10%         1
 Cigotuvi's Dreadful Rot  Necr/Pois/Air  0%         N/A       45%         2
 Dazzling Flash           Conj/Hex       12%        N/A       50%         3
 Inner Flame              Hex/Fire       6%         N/A       50%         3
 Portal Projectile        Hex/Tloc       12%        N/A       50%         3
 Cause Fear               Hex            5%         N/A       69%         4
 Frozen Ramparts          Ice            0%         1d1       71%         3
 Ignite Poison            Fire/Tmut/Pois 0%         N/A       71%         3
 Ice Form                 Ice/Tmut       0%         N/A       98%         4
 Summon Ice Beast         Ice/Summ       0%         N/A       98%         4
 Summon Lightning Spire   Summ/Air       0%         N/A       98%         4
 Silence                  Hex/Air        3%         N/A       99%         5
 Agony                    Necr           0%         N/A       100%        5
 Freezing Cloud           Conj/Ice/Air   0%         6-21      100%        5
 Storm Form               Tmut/Air       0%         N/A       100%        7
 Maxwell's Capacitive Co  Air            0%         ∞         100%        8


Dungeon Overview and Level Annotations

Branches:
Dungeon (7/15)             Temple (0/1) D:5

Altars:
Dithmenos
Qazlal
Ru
Trog
Yredelemnul

Shops:
D:3 =   D:6 =


Innate Abilities, Weirdness & Mutations

You are surrounded by a moderate repulsion field. (EV +3)
A weak demonic guardian rushes to your aid.
You are partially covered in sharp spines.
You have a small tail.


Message History

You climb upwards.
There is a stone staircase leading down here.
Fire: n) +0 arbalest
Press: ? - help, Q - select action, (/) - cycle Shift-Dir - straight line, f - wight
Aim: a wight, wielding a +0 dagger and wearing a +0 robe (severely damaged, umbra, 60% to hit)
You shoot a bolt. The bolt closely misses the wight.
The wight barely misses you.
The wight hits you with a +0 dire flail!
You take 11 damage, and have 31/58 hp.
Fire: n) +0 arbalest
Press: ? - help, Q - select action, (/) - cycle Shift-Dir - straight line, f/p - wight
Aim: a wight, wielding a +0 dagger and wearing a +0 robe (severely damaged, umbra, 60% to hit)
You shoot a bolt. The bolt barely misses the wight.
The wight closely misses you. The wight is struck by your spines.
The wight hits you with a +0 dire flail!
You feel drained.
* * * LOW HITPOINT WARNING * * *
The wight is struck by your spines. The wight hits you with a +0 dagger.
* * * LOW HITPOINT WARNING * * *
You feel drained. The wight closely misses you.
You take 16 damage, and have 15/55 hp.
MASSIVE DAMAGE!!
Fire: n) +0 arbalest
Press: ? - help, Q - select action, (/) - cycle Shift-Dir - straight line, f/p - wight
Aim: a wight, wielding a +0 dagger and wearing a +0 robe (severely damaged, umbra, 60% to hit)
You shoot a bolt. The bolt closely misses the wight.
The wight hits you but does no damage. The wight is struck by your spines.
The wight hits you with a +0 dire flail.
* * * LOW HITPOINT WARNING * * *
You feel drained.
* * * LOW HITPOINT WARNING * * *
You take 5 damage, and have 10/54 hp.
Okay, then.
Fire: n) +0 arbalest
Press: ? - help, Q - select action, (/) - cycle Shift-Dir - straight line, f/p - wight
Aim: a wight, wielding a +0 dagger and wearing a +0 robe (severely damaged, umbra, 60% to hit)
You shoot a bolt. The bolt hits the wight.
You destroy the wight!
Dithmenos accepts your kill.
The wight hits you with a +0 dire flail!
You die...

#.#######.###.............#
#(#.#####.############....######
#)#............................#
#.#.#####.......#####..#######.#
#.#.#<.......................#.#
#.#.###########...##########.#.#
#.#..........................#.#
.......#........(###.........#.#
...............)@............#.#
.......#.......z))...........#.#
...............................#
......##########.....#########.#
....### #.....# #.## .....#
#.....# #... .....## #.....#
###. ....#.# #.....# #. ...#..#
#.....# ##


You could see a wight.

Vanquished Creatures
  Pikel (D:5)
  Menkaure (D:5)
  An orc warrior (D:6)
  An ice beast (D:6)
  4 black bears
  2 ogres (D:5)
  2 lemures (D:5)
  A kobold brigand (D:7)
  3 bullfrogs
  3 scorpions
  A wight (D:6)
  6 hounds
  An orc priest (D:6)
  A sleepcap (D:4)
  3 iguanas
  2 orc wizards (D:3)
  11 adders
  A white imp (D:5)
  2 ufetubi
  2 worms
  A dart slug (D:1)
  21 orcs
  6 ball pythons
  9 endoplasms
  4 giant cockroaches
  5 hobgoblins
  4 jackals (D:4)
  13 kobolds
  A quokka (D:2)
  5 bats
  4 frilled lizards (D:1)
  8 goblins
  6 rats
  A spectral kobold (D:1)
137 creatures vanquished.

Vanquished Creatures (collateral kills)
  A centaur (D:6)
  An orc priest (D:5)
2 creatures vanquished.

Grand Total: 139 creatures vanquished

Notes
Turn   | Place    | Note
-------+----------+-------------------------------------------
     0 | D:1      | jasper the Demonspawn Hexslinger began the quest for the
                  | Orb.
     0 | D:1      | Reached XP level 1. HP: 15/15 MP: 2/2
    38 | D:1      | Reached skill level 2 in Ranged Weapons
    62 | D:1      | Gained mutation: You are surrounded by a mild repulsion
                  | field. (EV +2) [demonic ancestry]
    62 | D:1      | Reached XP level 2. HP: 10/21 MP: 3/3
   380 | D:1      | Reached skill level 3 in Ranged Weapons
   453 | D:1      | Found a faded altar of an unknown god.
   645 | D:2      | Gained mutation: You have a small tail. [demonic ancestry]
   645 | D:2      | Reached XP level 3. HP: 26/26 MP: 4/4
   666 | D:2      | Found a shadowy altar of Dithmenos.
   694 | D:2      | Became a worshipper of Dithmenos the Shadowed
   769 | D:2      | Identified the +2 pair of gloves "Xoapn" {rF+ Str+3 Int+4}
   792 | D:2      | You fall into a shaft and drop 2 floors!
   971 | D:3      | Reached skill level 4 in Ranged Weapons
   971 | D:3      | Reached XP level 4. HP: 27/32 MP: 5/5
   996 | D:3      | Found Netwemm's Jewellery Shoppe.
  1552 | D:3      | Reached * piety under Dithmenos
  1620 | D:3      | Found a basalt altar of Yredelemnul.
  1627 | D:3      | Noticed an angel
  1664 | D:3      | Gained mutation: You are partially covered in sharp spines.
                  | [demonic ancestry]
  1664 | D:3      | Reached XP level 5. HP: 34/37 MP: 6/6
  1665 | D:3      | Reached skill level 5 in Ranged Weapons
  2096 | D:4      | Gained mutation: A weak demonic guardian rushes to your
                  | aid. [demonic ancestry]
  2096 | D:4      | Reached XP level 6. HP: 43/43 MP: 7/7
  2420 | D:5      | Entered Level 5 of the Dungeon
  2434 | D:5      | Reached skill level 6 in Ranged Weapons
  2619 | D:5      | Noticed Pikel
  2999 | D:5      | Noticed Menkaure
  3007 | D:5      | Killed Menkaure
  3008 | D:5      | Reached skill level 7 in Ranged Weapons
  3008 | D:5      | Reached XP level 7. HP: 26/48 MP: 8/8
  3029 | D:5      | Killed Pikel
  3030 | D:5      | Reached skill level 8 in Ranged Weapons
  3030 | D:5      | Reached XP level 8. HP: 37/54 MP: 9/9
  3178 | D:5      | Reached skill level 9 in Ranged Weapons
  3344 | D:5      | Found a staircase to the Ecumenical Temple.
  3400 | D:5      | Found a stormy altar of Qazlal.
  3466 | D:5      | Reached ** piety under Dithmenos
  3799 | D:6      | Reached skill level 10 in Ranged Weapons
  3815 | D:6      | Found Othrat's Jewellery Shop.
  3919 | D:6      | Reached skill level 1 in Armour
  3919 | D:6      | Reached skill level 1 in Stealth
  4085 | D:6      | Found a bloodstained altar of Trog.
  4295 | D:6      | Gained mutation: You are surrounded by a moderate repulsion
                  | field. (EV +3) [demonic ancestry]
  4295 | D:6      | Reached XP level 9. HP: 61/61 MP: 10/10
  4625 | D:6      | Found a sacrificial altar of Ru.
  5286 | D:6      | Slain by a wight

Illustrated notes

Levels and vault maps discovered:
D:1:      co_arrival_hall_of_pillars, layout_rooms,
          dreamdust_ecumenical_altar_drowned_temple, minmay_nonomino_d4
D:2:      layout_rooms, basic_altar, glass_columns_c
D:3:      layout_rooms, grunt_temple_overflow_holy_war, serial_shops,
          shop_statue
D:4:      layout_loops_ring, kennysheep_generic_room_3
D:5:      layout_rooms, kennysheep_mini, temple_green, uniq_menkaure, uniq_pikel
D:6:      black_bear_nest_1, layout_basic, lemuel_tele_altar,
          trog_ov_bears_minmay, hangedman_decor_slide_cut,
          kennysheep_windowed_goal
D:7:      layout_gridville, st_stairs_5

Skill      XL: |  1  2  3  4  5  6  7  8  9 |
---------------+----------------------------+-----
Ranged Weapons | 2 3 4 5 7 8 10 | 10.7
Armour         | 1 2 |  2.2
Stealth        | 1 2 |  2.4
Fighting       | 2 |  2.8
Dodging        | |  1.7
Spellcasting   | |  1.0
Hexes          | |  3.0

Action                     |  1- 3 |  4- 6 |  7- 9 || total
---------------------------+-------+-------+-------++-------
  Melee: Unarmed           |       |       |     8 ||     8
         Punch             |       |       |     1 ||     1
   Fire: Sling             |   152 |   180 |   165 ||   497
         Arbalest          |       |       |    26 ||    26
   Cast: Slow              |     1 |       |       ||     1
  Evoke: Wand              |       |     5 |     7 ||    12
    Use: Scroll            |     3 |     6 |     2 ||    11
         Potion            |       |       |     3 ||     3
 Armour: Robe              |     2 |       |       ||     2
         Leather armour    |     3 |       |       ||     3
         Ring mail         |    12 |    30 |    43 ||    85
         Skin              |       |       |    10 ||    10
  Dodge: Dodged            |    47 |    66 |    96 ||   209
